 Dungeon Crawl Stone Soup version 0.26-a0-708-g17f3b190f9 (webtiles) character file.

Game seed: 379040565776173556

56 zazu2006 the Magician (level 3, -2/28 HPs)
             Began as a Naga Hedge Wizard on Oct 27, 2020.
             Killed by miscasting Mephitic Cloud (4 damage)
             ... on level 2 of the Dungeon.
             The game lasted 00:04:36 (2527 turns).

zazu2006 the Magician (Naga Hedge Wizard)           Turns: 2527, Time: 00:04:37

Health: -2/28      AC:  2    Str: 12    XL:     3   Next: 97%
Magic:  0/8        EV:  9    Int: 15    God:
Gold:   140        SH:  0    Dex: 10    Spells: 0/9 levels left

rFire    . . .     SeeInvis +   e - +1 dagger (holy)
rCold    . . .     Faith    .   (no shield)
rNeg     . . .     Spirit   .   a - +0 leather armour
rPois    +         Reflect  .   c - +0 hat
rElec    .         Harm     .   (no cloak)
rCorr    .         Rampage  .   (no gloves)
MR       .....                  (no barding)
Stlth    ++........             (no amulet)
HPRegen  0.09/turn              (no ring)
MPRegen  0.11/turn              (no ring)

@: very slightly contaminated, very slow
A: large, see invisible, deformed body, poison resistance, slowness 2, spit
poison 1, AC +1
a: Spit Poison


You were on level 2 of the Dungeon.
You visited 1 branch of the dungeon, and saw 2 of its levels.

You collected 140 gold pieces.

Inventory:

Hand Weapons
 e - a +1 dagger of holy wrath (weapon)
Armour
 a - a +0 leather armour (worn)
 c - a +0 hat (worn)
Scrolls
 d - a scroll of teleportation {unknown}
 f - 3 scrolls of amnesia {unknown}
 g - a scroll of identify {unknown}
Potions
 h - 2 potions of flight {unknown}
 i - a potion of invisibility {unknown}
 j - a potion of haste {unknown}


   Skills:
 + Level 0.1 Fighting
 + Level 0.4 Armour
 + Level 1.7 Dodging
 + Level 3.4 Stealth
 + Level 3.6 Spellcasting
 + Level 2.0 Conjurations
   Level 1.0 Summonings
 + Level 1.0 Translocations
 * Level 0.7 Poison Magic


You couldn't memorise any spells.
You knew the following spells:

 Your Spells              Type           Power        Failure   Level
a - Magic Dart            Conj           #...         11%         1
b - Mephitic Cloud        Conj/Pois/Air  #.......     43%         3
c - Conjure Flame         Conj/Fire      #.......     43%         3
d - Blink                 Tloc           N/A          24%         2

Your spell library contained the following spells:

 Spells                   Type           Power        Failure   Level
 Call Imp                 Summ           #.......     24%         2
 Slow                     Hex            #.......     36%         2


Dungeon Overview and Level Annotations

Branches:
Dungeon (2/15)

Altars:

Annotations:
D:2 Sigmund


Innate Abilities, Weirdness & Mutations

You cannot wear boots.
Your serpentine skin is tough. (AC +1)
You have supernaturally acute eyesight. (SInv)
Armour fits poorly on your strangely shaped body.
Your system is resistant to poisons. (rPois)
You cover ground very slowly.
You can spit poison.


Message History

Confirm with . or Enter, or press ? or * to list all spells.
The spell is extremely dangerous to cast (43% risk of failure)!
Continue anyway?
Aiming: Mephitic Cloud (extremely dangerous; 43% risk of failure)
Press: ? - help, Shift-Dir - straight line, f/p - Sigmund
Aim: Sigmund, wielding a +0 scythe and wearing a +0 robe (moderately wounded, slightly transparent)
You miscast Mephitic Cloud.
You are very lightly contaminated with residual magic.
Nothing appears to happen.
Sigmund casts a spell at you. The magic dart hits you.
* * * LOW HITPOINT WARNING * * *
Unknown command.
Casting: Mephitic Cloud (extremely dangerous; 43% risk of failure)
Confirm with . or Enter, or press ? or * to list all spells.
The spell is extremely dangerous to cast (43% risk of failure)!
Continue anyway?
Aiming: Mephitic Cloud (extremely dangerous; 43% risk of failure)
Press: ? - help, Shift-Dir - straight line, f/p - Sigmund
Aim: Sigmund, wielding a +0 scythe and wearing a +0 robe (moderately wounded, slightly transparent)
You miscast Mephitic Cloud.
Electricity courses through your body.
You die...

####.$.##...@####.........
........'....')†.@.....###
#########....######.#.## ##
#...........# # .########
####..####### ........# #.....#
........# #..##.#
........############.##.###
................@..@......#
#....#####......#####.....#
.....<...'......'.(...)...#
.....#####......#(.##..####
..|......+.....)(.......#
#.....####......#######.#
.........(.....#........## .#.
.......#######.#.######..###.....
.......#.....#.#.# #..<....#


You could see Sigmund (invisible).

Vanquished Creatures
  An adder (D:2)
  2 dart slugs (D:2)
  2 leopard geckos (D:2)
  3 bats
  2 giant cockroaches
  2 goblins
  7 hobgoblins
  7 jackals
  2 ball pythons (D:2)
  A frilled lizard (D:1)
  4 kobolds
  5 rats
38 creatures vanquished.

Notes
Turn   | Place    | Note
-------+----------+-------------------------------------------
     0 | D:1      | zazu2006 the Naga Hedge Wizard began the quest for the Orb.
     0 | D:1      | Reached XP level 1. HP: 15/15 MP: 4/4
   311 | D:1      | Reached XP level 2. HP: 22/22 MP: 3/6
  1035 | D:2      | Reached XP level 3. HP: 7/28 MP: 1/8
  1114 | D:1      | Learned a level 3 spell: Mephitic Cloud
  1118 | D:1      | Learned a level 3 spell: Conjure Flame
  1121 | D:1      | Learned a level 2 spell: Blink
  2133 | D:2      | Noticed Sigmund
  2527 | D:2      | Killed by miscasting Mephitic Cloud

Illustrated notes

Levels and vault maps discovered:
D:1:      psy_arrival_basics, layout_rooms, minmay_octomino_j4
D:2:      layout_basic, minmay_tall_x, uniq_sigmund

Skill      XL: |  1  2  3 |
---------------+----------+-----
Conjurations   | 2 |  2.0
Fighting       | |  0.1
Armour         | |  0.4
Dodging        | |  1.7
Stealth        | |  3.4
Spellcasting   | |  3.6
Summonings     | |  1.0
Translocations | |  1.0
Poison Magic   | |  0.7

Action                   || total
-------------------------++-------
Melee: Dagger            ||    60
 Cast: Magic Dart        ||    79
       Mephitic Cloud    ||     2
 Abil: Spit Poison       ||    18
 Stab: Confused          ||     2
Armor: Robe              ||     5
       Leather armour    ||    14
Dodge: Dodged            ||    58

Table legend: (Time is in decaauts)
 A = Elapsed time spent in this place.
 B = Non-inter-level travel time spent in this place.
 C = Inter-level travel time spent in this place.
 D = Time resting spent in this place.
 E = Time spent auto-exploring this place.
 F = Levels seen in this place.
 G = Mean time per level.
                   A        B        C        D        E       F      G
               +--------+--------+--------+--------+--------+-----+--------+
         Total |   2827 |   2790 |     37 |    507 |   1775 |   2 | 1413.5 |
       Dungeon |   2827 |   2790 |     37 |    507 |   1775 |   2 | 1413.5 |
               +--------+--------+--------+--------+--------+-----+--------+

Top non-repeatable levels by time:
     D:1: 1696 daAuts
     D:2: 1131 daAuts
